Construct Section Command Post
Selects Air and Sea Battlegroup
Construct Field Infirmary
Construct Field Infirmary
Construct Platoon Command Post
6-pounder Anti-tank Gun Team
Selects Centaur Medium Tank
Construct Field Infirmary
Selects Naval Bombardment
Construct Company Command Post
Selects Commando Section Paradrop
Selects M1 Pack Howitzer Paradrop
M1 Pack Howitzer Paradrop
Unlock Towed 17-pounder Anti-tank Guns
17-pounder Anti-tank Gun Team
Selects Anti-tank Rocket Loiter
17-pounder Anti-tank Gun Team
Commando Section Paradrop
Construct Field Infirmary